 Dungeon Crawl Stone Soup version 0.27-a0-1572-gacd6f1ce93 (webtiles) character file.

Game seed: 8905447014201152095

13 DocSulfur the Sneak (level 2, 12/13 HPs)
             Began as a Spriggan Enchanter on July 17, 2021.
             Was a Follower of Cheibriados.
             Quit the game on level 1 of the Dungeon.
             The game lasted 00:02:14 (756 turns).

DocSulfur the Sneak (Spriggan Enchanter)             Turns: 756, Time: 00:02:15

Health: 12/13      AC:  2    Str:  6    XL:     2   Next: 24%
Magic:  6/6        EV: 17    Int: 18    God:    Cheibriados [*.....]
Gold:   0          SH:  0    Dex: 17    Spells: 5/6 levels left

rFire    . . .     SeeInvis +   a - +1 dagger
rCold    . . .     Faith    .   (shield restricted)
rNeg     . . .     Spirit   .   b - +0 robe
rPois    .         Reflect  .   (helmet restricted)
rElec    .         Harm     .   (no cloak)
rCorr    .         Rampage  .   (gloves unavailable)
Will     .....                  (boots unavailable)
Stlth    +++.......             (no amulet)
HPRegen  0.04/turn              (no ring)
MPRegen  0.10/turn              (no ring)

@: quick
A: very small, no large weapons, unfitting armour, see invisible, speed 3
a: Renounce Religion, Bend Time


You were on level 1 of the Dungeon.
You worshipped Cheibriados.
Cheibriados was aware of your devotion.
You visited 1 branch of the dungeon, and saw 1 of its levels.

Inventory:

Hand Weapons
 a - a +1 dagger (weapon)
Armour
 b - a +0 robe (worn)
Jewellery
 c - an amulet of the acrobat


   Skills:
 * Level 1.9 Short Blades
 - Level 2.7 Dodging
 * Level 5.0 Stealth
 - Level 2.7 Spellcasting
 - Level 3.6 Hexes


You had 5 spell levels left.
You knew the following spells:

 Your Spells              Type           Power      Damage    Failure   Level
a - Corona                Hex            16%        N/A       3%          1

Your spell library contained the following spells:

 Spells                   Type           Power      Damage    Failure   Level
 Confusing Touch          Hex            15%        N/A       11%         3
 Tukima's Dance           Hex            15%        N/A       11%         3
 Ensorcelled Hibernation  Hex/Ice        18%        N/A       12%         2
 Dazzling Flash           Conj/Hex       18%        N/A       24%         3


Dungeon Overview and Level Annotations

Branches:
Dungeon (1/15)

Altars:
Cheibriados

Shops:
D:1 [


Innate Abilities, Weirdness & Mutations

You are very small and have problems with some larger weapons.
You are too small for most types of armour.
You have supernaturally acute eyesight. (SInv)
You cover ground extremely quickly. (Speed+++)


Message History

Press: ? - help, Shift-Dir - straight line, f/p - quokka
Aim: a quokka (almost dead, chance to affect: 67%)
The quokka is outlined in light.
The quokka bites you.
You hit the quokka but do no damage.
The quokka is severely wounded.
The quokka misses you.
You hit the quokka.
You kill the quokka!
You see here a quokka corpse.
Found a faded altar of an unknown god.
You hit the plant.
The plant begins to die.
The plant is lightly damaged.
You completely miss the plant.
The plant is lightly damaged.
You hit the plant.
The plant begins to die.
The plant is lightly damaged.
A nearby plant withers and dies.
There is a dry fountain here.
There is a dry fountain here.
There is a dry fountain here.
A nearby plant withers and dies.
There is a faded altar of an unknown god here.
You cannot tell which god this altar belongs to.
Convert to them anyway?
Okay, then.
You cannot tell which god this altar belongs to.
Convert to them anyway? [Y]es or [N]o only, please.
You cannot tell which god this altar belongs to.
Convert to them anyway?
Uppercase [Y]es or [N]o only, please.
You cannot tell which god this altar belongs to.
Convert to them anyway?
Cheibriados accepts your prayer! Cheibriados welcomes you!
Cheibriados begins to support your attributes as your movement slows.
You can now bend time to slow others.
Cheibriados is now slowing the effects of poison on you.
Cheibriados raises the support of your attributes as your movement slows.
You enter the shallow water.
Moving in this stuff is going to be slow.
You hit the fungus but do no damage.
Found 8 gold pieces.
Are you sure you want to abandon this character and quit the game? (Confirm with "yes".)

#..#.#.#.#.####.##########).....#
#...........# #.# #......#
#...........# #.# ######.#
#...........###.#### #.#
#######...#........# ## #.#
########........######... #..
.........)....P..P...... ###
#......†........P......
#............@..≈..###
.............P..⌠⌠...#
#............PP......#
#........####..P...### #........#
#.P≈..≈._# ########## #......###
#..####.P. ###$


P.PP. ...P.# There were no monsters in sight!

Vanquished Creatures
  2 bats (D:1)
  An endoplasm (D:1)
  3 goblins (D:1)
  A hobgoblin (D:1)
  A quokka (D:1)
  A ball python (D:1)
  A frilled lizard (D:1)
  A kobold (D:1)
  2 rats (D:1)
13 creatures vanquished.

Vanquished Creatures (others)
  2 plants (D:1)
2 creatures vanquished.

Grand Total: 15 creatures vanquished

Notes
Turn   | Place    | Note
-------+----------+-------------------------------------------
     0 | D:1      | DocSulfur the Spriggan Enchanter began the quest for the
                  | Orb.
     0 | D:1      | Reached XP level 1. HP: 9/9 MP: 5/5
     4 | D:1      | Found Zyj Fes's Antique Armour Boutique.
   237 | D:1      | Found Voggoe's Jewellery Shop.
   556 | D:1      | Reached XP level 2. HP: 10/13 MP: 4/6
   652 | D:1      | Reached skill level 5 in Stealth
   729 | D:1      | Found a faded altar of an unknown god.
   743 | D:1      | Became a worshipper of Cheibriados the Contemplative
   743 | D:1      | Reached * piety under Cheibriados
   756 | D:1      | Quit the game

Illustrated notes

Levels and vault maps discovered:
D:1:      tarquinn_simple_flora_water_a, layout_basic,
          shapermc_ecumenical_altar_mp_ritualfount, serial_shops,
          nicolae_shop_competitors_out_of_business, shop, nicolae_square_shop,
          st_stairs_4, minmay_tree_intersection

Skill      XL: |  1  2 |
---------------+-------+-----
Stealth        | 5 |  5.0
Short Blades   | |  1.9
Dodging        | |  2.7
Spellcasting   | |  2.7
Hexes          | |  3.6

Action                   || total
-------------------------++-------
Melee: Dagger            ||    48
 Cast: Corona            ||    12
 Stab: Sleeping          ||     3
Armor: Robe              ||     5
Dodge: Dodged            ||    38

Table legend: (Time is in decaauts)
 A = Elapsed time spent in this place.
 B = Non-inter-level travel time spent in this place.
 C = Inter-level travel time spent in this place.
 D = Time resting spent in this place.
 E = Time spent auto-exploring this place.
 F = Levels seen in this place.
 G = Mean time per level.
                   A        B        C        D        E       F      G
               +--------+--------+--------+--------+--------+-----+--------+
         Total |    619 |    619 |      0 |      0 |    408 |   1 |  619.0 |
       Dungeon |    619 |    619 |      0 |      0 |    408 |   1 |  619.0 |
               +--------+--------+--------+--------+--------+-----+--------+

Top non-repeatable levels by time:
     D:1: 619 daAuts
